 Dungeon Crawl Stone Soup version 0.26.1-11-gd32895ea62 (webtiles) character file.

Game seed: 12501120994855128349

1776 Renzlar the Shield-Bearer (level 9, 73/73 HPs)
             Began as a Gnoll Fighter on July 3, 2021.
             Was a Believer of Okawaru.
             Quit the game on level 6 of the Dungeon.
             The game lasted 00:17:34 (4741 turns).

Renzlar the Shield-Bearer (Gnoll Fighter)           Turns: 4741, Time: 00:17:35

Health: 73/73      AC: 14    Str: 21    XL:     9   Next: 8%
Magic:  14/14      EV:  8    Int: 12    God:    Okawaru [**....]
Gold:   318        SH: 11    Dex: 14    Spells: 15/15 levels left

rFire    . . .     SeeInvis .   c - +0 hunting sling
rCold    + . .     Faith    .   k - +0 kite shield
rNeg     . . .     Spirit   .   G - +0 chain mail
rPois    .         Reflect  .   (no helmet)
rElec    .         Harm     .   (no cloak)
rCorr    .         Rampage  .   (no gloves)
Will     .....                  (no boots)
Stlth    ..........             (no amulet)
HPRegen  0.22/turn              u - +4 ring of protection
MPRegen  0.14/turn              o - ring of protection from cold

@: no status effects
A: distributed training, fangs 1, strong nose
a: Renounce Religion, Heroism


You were on level 6 of the Dungeon.
You worshipped Okawaru.
Okawaru was pleased with you.
You visited 1 branch of the dungeon, and saw 6 of its levels.

You collected 318 gold pieces.

Inventory:

Hand Weapons
 a - a +0 war axe
 c - a +0 hunting sling (weapon)
 h - a +2 dagger of venom
 s - a +1 flail of protection
Missiles
 e - 139 stones (quivered ammo)
 i - 10 javelins
 l - 33 bolts
 n - 19 sling bullets
Armour
 k - a +0 kite shield (worn)
 G - a +0 chain mail (worn)
Jewellery
 o - a ring of protection from cold (right hand)
 u - a +4 ring of protection (left hand)
Scrolls
 f - 3 scrolls of identify
 g - 4 scrolls of amnesia {unknown}
 m - 7 scrolls of teleportation {unknown}
 p - 2 scrolls of immolation {unknown}
 r - 3 scrolls of remove curse {unknown}
 x - 4 scrolls of enchant weapon {unknown}
 y - a scroll of noise {unknown}
 E - 2 scrolls of fear {unknown}
 F - a scroll of magic mapping {unknown}
Potions
 d - a potion of attraction {unknown}
 j - 2 potions of flight {unknown}
 q - a potion of berserk rage {unknown}
 t - 2 potions of brilliance {unknown}
 v - 2 potions of resistance {unknown}
 w - a potion of cancellation {unknown}
 z - a potion of ambrosia {unknown}
 A - 2 potions of degeneration {unknown}
 B - 2 potions of curing {unknown}
 C - a potion of mutation {unknown}
 D - a potion of might


   Skills:
 + Level 7.7 Fighting
 + Level 3.9 Short Blades
 + Level 3.9 Long Blades
 + Level 6.1 Axes
 + Level 3.9 Maces & Flails
 + Level 3.9 Polearms
 + Level 3.9 Staves
 + Level 3.9 Slings
 + Level 3.9 Bows
 + Level 3.9 Crossbows
 + Level 3.9 Throwing
 + Level 7.7 Armour
 + Level 3.9 Dodging
 + Level 3.9 Stealth
 + Level 7.7 Shields
 + Level 3.9 Unarmed Combat
 + Level 3.9 Spellcasting
 + Level 3.2 Conjurations
 + Level 3.2 Hexes
 + Level 3.2 Summonings
 + Level 3.2 Necromancy
 + Level 3.2 Translocations
 + Level 3.2 Transmutations
 + Level 3.2 Fire Magic
 + Level 3.2 Ice Magic
 + Level 3.2 Air Magic
 + Level 3.2 Earth Magic
 + Level 3.2 Poison Magic
 + Level 4.2 Invocations
 + Level 3.9 Evocations


You had 15 spell levels left.
You didn't know any spells.
Your spell library was empty.

Dungeon Overview and Level Annotations

Branches:
Dungeon (6/15)             Temple (0/1) D:6

Altars:
Cheibriados
Dithmenos
Elyvilon
Fedhas
Kikubaaqudgha
Okawaru
Trog
Uskayaw
Vehumet
Xom
The Shining One

Shops:
D:6 =


Innate Abilities, Weirdness & Mutations

Your experience applies equally to all skills.
You have very sharp teeth.
Your uncanny sense of smell can sniff out nearby items.


Message History

You continue taking off your +0 scale mail. x4
You finish taking off your +0 scale mail.
You start putting on your armour.
You continue putting on your chain mail. x5
You finish putting on your +0 chain mail.
Unknown command.
Drop what? 33/52 slots (_ for help) (? for menu, Esc to quit)
You drop a +0 scale mail.
Found a glowing golden altar of the Shining One.
You see here a war axe.
r - 3 scrolls labelled HAT NUTAMPUSKETSAO (gained 1)
Found a bloodstained altar of Trog.
Flames erupt from the bowels of the wizard!
Trog roars with satisfaction!
The wizard is engulfed in blazing flames.
The wizard is engulfed in blazing flames.
The wizard is engulfed in blazing flames.
The wizard is engulfed in blazing flames.
The wizard dies!
Done exploring.
Are you sure you want to abandon this character and quit the game? (Confirm with "yes".)

#...##.# #..##................
###.#.##.# #.......#############
.........# ##.##.#.# #######..#
#.##.#.# ....##...# #.##.#.#
._≈....⌠.#####.#....#
...≈................# #########
...≈.≈≈.............## #.......#
#.≈≈≈≈≈...####..@....###...###.#
#..≈≈≈≈≈..# ###.###....._.#†#.#
..≈≈≈≈≈...# #.# #####...###.#
.⌠....≈...# #.# #.##.......##
.........## #.# #.##########.
.........# #.# #.# #.##
########## #.# #.# #.#
#.####.#### #.## #.........#
#...


There were no monsters in sight!

Vanquished Creatures
  Sigmund (D:3)
  Duvessa (D:4)
  2 ice beasts
  A phantom (D:3)
  An ogre (D:6)
  A centaur (D:6)
  2 bullfrogs (D:6)
  Dowan (D:4)
  3 scorpions
  3 wights (D:6)
  A howler monkey (D:6)
  A bullfrog zombie (D:6)
  5 hounds
  An orc priest (D:4)
  An orc wizard (D:4)
  Jessica (D:3)
  A statue (D:5)
  A killer bee zombie (D:5)
  A hound skeleton (D:5)
  2 howler monkey zombies (D:6)
  9 gnolls
  2 worker ant zombies (D:5)
  5 adders
  A white imp (D:6)
  2 adder skeletons
  A worm (D:6)
  A dart slug (D:2)
  4 leopard geckos
  8 orcs
  9 bats
  6 giant cockroaches
  7 hobgoblins
  3 jackals (D:2)
  2 quokkas
  A ball python (D:6)
  4 frilled lizards
  9 goblins
  7 kobolds
  A quokka skeleton (D:5)
  5 rats
118 creatures vanquished.

Vanquished Creatures (others)
  A wizard (D:6)
1 creature vanquished.

Grand Total: 119 creatures vanquished

Notes
Turn   | Place    | Note
-------+----------+-------------------------------------------
     0 | D:1      | Renzlar the Gnoll Fighter began the quest for the Orb.
     0 | D:1      | Reached XP level 1. HP: 23/23 MP: 1/1
   105 | D:1      | Reached XP level 2. HP: 20/29 MP: 2/2
   535 | D:2      | Reached XP level 3. HP: 35/35 MP: 3/3
   752 | D:2      | Reached skill level 1 in Invocations
   952 | D:2      | Reached skill level 1 in Short Blades
   952 | D:2      | Reached skill level 1 in Long Blades
   952 | D:2      | Reached skill level 1 in Maces & Flails
   952 | D:2      | Reached skill level 1 in Polearms
   952 | D:2      | Reached skill level 1 in Staves
   952 | D:2      | Reached skill level 1 in Slings
   952 | D:2      | Reached skill level 1 in Bows
   952 | D:2      | Reached skill level 1 in Crossbows
   952 | D:2      | Reached skill level 1 in Throwing
   952 | D:2      | Reached skill level 1 in Dodging
   952 | D:2      | Reached skill level 1 in Stealth
   952 | D:2      | Reached skill level 1 in Unarmed Combat
   952 | D:2      | Reached skill level 1 in Spellcasting
   952 | D:2      | Reached skill level 1 in Evocations
  1030 | D:2      | You fall into a shaft and drop 2 floors!
  1035 | D:4      | Reached XP level 4. HP: 35/41 MP: 5/5
  1037 | D:4      | Reached skill level 1 in Conjurations
  1037 | D:4      | Reached skill level 1 in Hexes
  1037 | D:4      | Reached skill level 1 in Summonings
  1037 | D:4      | Reached skill level 1 in Necromancy
  1037 | D:4      | Reached skill level 1 in Translocations
  1037 | D:4      | Reached skill level 1 in Transmutations
  1037 | D:4      | Reached skill level 1 in Fire Magic
  1037 | D:4      | Reached skill level 1 in Ice Magic
  1037 | D:4      | Reached skill level 1 in Air Magic
  1037 | D:4      | Reached skill level 1 in Earth Magic
  1037 | D:4      | Reached skill level 1 in Poison Magic
  1040 | D:4      | Reached XP level 5. HP: 31/47 MP: 6/6
  1239 | D:3      | Noticed Jessica
  1247 | D:3      | Killed Jessica
  1359 | D:3      | Noticed Sigmund
  1370 | D:3      | Killed Sigmund
  1371 | D:3      | Reached skill level 5 in Axes
  1371 | D:3      | Reached XP level 6. HP: 38/53 MP: 7/9
  1716 | D:3      | Noticed a phantom
  1750 | D:3      | Killed a phantom
  1751 | D:3      | Reached XP level 7. HP: 58/60 MP: 10/10
  1963 | D:3      | Found a faded altar of an unknown god.
  2347 | D:4      | Noticed Duvessa
  2368 | D:4      | Killed Duvessa
  2375 | D:4      | Noticed Dowan
  2400 | D:4      | Killed Dowan
  2845 | D:5      | Entered Level 5 of the Dungeon
  2863 | D:5      | Found an iron altar of Okawaru.
  2863 | D:5      | Found a shimmering altar of Xom.
  2868 | D:5      | Became a worshipper of Warmaster Okawaru
  2902 | D:5      | Reached XP level 8. HP: 59/67 MP: 12/12
  2958 | D:5      | Found a white marble altar of Elyvilon.
  3482 | D:5      | Found a radiant altar of Vehumet.
  3691 | D:6      | Reached * piety under Okawaru
  3878 | D:6      | Found a blossoming altar of Fedhas.
  3955 | D:6      | Found a staircase to the Ecumenical Temple.
  4218 | D:6      | Reached ** piety under Okawaru
  4219 | D:6      | Reached XP level 9. HP: 47/72 MP: 14/14
  4412 | D:6      | Found an ancient bone altar of Kikubaaqudgha.
  4462 | D:6      | Found Sialuux's Jewellery Boutique.
  4550 | D:6      | Found a shadowy altar of Dithmenos.
  4565 | D:6      | Found a snail-covered altar of Cheibriados.
  4566 | D:6      | Found a hide-covered altar of Uskayaw.
  4580 | D:6      | Found a glowing golden altar of the Shining One.
  4715 | D:6      | Found a bloodstained altar of Trog.
  4718 | D:6      | Noticed a wizard
  4723 | D:6      | Killed a wizard
  4741 | D:6      | Quit the game

Illustrated notes

Levels and vault maps discovered:
D:1:      scummos_arrival_simple_crosswalls, layout_rooms
D:2:      layout_rooms
D:3:      layout_basic, chequers_ecumenical_altar_simple_redux, uniq_sigmund,
          uniq_jessica
D:4:      layout_rooms, uniq_duvessa
D:5:      layout_basic, kennysheep_little_box, vehumet_statue,
          chequers_temple_overflow_statue_of_worship
D:6:      layout_loops_ring, fedhas_ov_isle_minmay, minitemple,
          kiku_gazebo_pond_becter, minmay_temple_entry_nine_rooms, serial_shops,
          shop_statue, trog_wizard

Skill      XL: |  1  2  3  4  5  6  7  8 |
---------------+-------------------------+-----
Invocations    | 1 2 3 4 |  4.2
Short Blades   | 1 2 3 |  3.9
Long Blades    | 1 2 3 |  3.9
Maces & Flails | 1 2 3 |  3.9
Polearms       | 1 2 3 |  3.9
Staves         | 1 2 3 |  3.9
Slings         | 1 2 3 |  3.9
Bows           | 1 2 3 |  3.9
Crossbows      | 1 2 3 |  3.9
Throwing       | 1 2 3 |  3.9
Dodging        | 1 2 3 |  3.9
Stealth        | 1 2 3 |  3.9
Unarmed Combat | 1 2 3 |  3.9
Spellcasting   | 1 2 3 |  3.9
Evocations     | 1 2 3 |  3.9
Conjurations   | 1 2 3 |  3.2
Hexes          | 1 2 3 |  3.2
Summonings     | 1 2 3 |  3.2
Necromancy     | 1 2 3 |  3.2
Translocations | 1 2 3 |  3.2
Transmutations | 1 2 3 |  3.2
Fire Magic     | 1 2 3 |  3.2
Ice Magic      | 1 2 3 |  3.2
Air Magic      | 1 2 3 |  3.2
Earth Magic    | 1 2 3 |  3.2
Poison Magic   | 1 2 3 |  3.2
Axes           | 5 6 |  6.1
Fighting       | 7 |  7.7
Armour         | 7 |  7.7
Shields        | 7 |  7.7

Action                   |  1- 3 |  4- 6 |  7- 9 || total
-------------------------+-------+-------+-------++-------
Melee: War axe           |    38 |    27 |    15 ||    80
       Bite              |     2 |     4 |    29 ||    35
       Flail             |       |    30 |   199 ||   229
       Dagger            |       |     2 |       ||     2
 Fire: Hunting sling     |    37 |    71 |   132 ||   240
Throw: Stone             |    16 |       |       ||    16
       Javelin           |     1 |       |       ||     1
  Use: Scroll            |     1 |     1 |       ||     2
       Potion            |       |     1 |       ||     1
Armor: Scale mail        |    17 |    24 |    88 ||   129
Dodge: Dodged            |    16 |    16 |    65 ||    97
Block: Kite shield       |    24 |    50 |   114 ||   188
